 Dungeon Crawl Stone Soup version 0.31-a0-339-gda1cbd555d (webtiles) character file.

Game seed: 777261329470626334

86 BritishOli the Trooper (level 4, 0/37 HPs)
             Began as a Demonspawn Fighter on July 20, 2023.
             Slain by an iguana (6 damage)
             ... on level 4 of the Dungeon.
             The game lasted 00:03:08 (1885 turns).

BritishOli the Trooper (Demonspawn Fighter)         Turns: 1885, Time: 00:03:09

Health: 0/37       AC: 12    Str: 18    XL:     4   Next: 26%
Magic:  4/4        EV:  5    Int: 10    God:
Gold:   118        SH:  4    Dex: 12    Spells: 3/3 levels left

rFire   . . .        a - +0 war axe
rCold   . . .        c - +0 buckler
rNeg    . . .        e - +0 plate armour
rPois   .            (helmet restricted)
rElec   .            (no cloak)
rCorr   .            (no gloves)
SInv    .            l - +0 pair of boots
Will    .....        (no amulet) Stlth
                     (no ring)
HPRegen 0.26/turn    (no ring)
MPRegen 0.09/turn

%: no passive effects
@: no status effects
A: antennae 1, spiny 1
a: no special abilities


You were on level 4 of the Dungeon.
You visited 1 branch of the dungeon, and saw 4 of its levels.

You collected 118 gold pieces.

Inventory:

Hand Weapons
 a - a +0 war axe (weapon)
Armour
 c - a +0 buckler (worn)
 e - a +0 plate armour (worn)
 l - a +0 pair of boots (worn)
Jewellery
 j - a ring of willpower
 r - a ring of protection from fire
Wands
 o - a wand of iceblast (9)
 p - a wand of paralysis (6)
Scrolls
 b - a scroll of fog {unknown}
 f - 3 scrolls of identify {unknown}
 g - a scroll of noise {unknown}
 h - a scroll of fear {unknown}
 k - a scroll of vulnerability {unknown}
 q - a scroll of immolation {unknown}
Potions
 d - 2 potions of might
 i - 5 potions of attraction {unknown}
 m - a potion of haste {unknown}
 n - a potion of invisibility {unknown}
 s - a potion of enlightenment {unknown}


   Skills:
 + Level 3.7 Fighting
 + Level 2.6 Axes
 + Level 3.3 Armour
 - Level 3.0 Shields


You had 3 spell levels left.
You didn't know any spells.
Your spell library contained the following spells:

 Spells                   Type           Power      Damage    Failure   Level
 Freeze                   Ice            0%         1d3       100%        1
 Magic Dart               Conj           0%         1d3       100%        1
 Call Imp                 Summ           0%         N/A       100%        2
 Frozen Ramparts          Ice            0%         1d1       100%        3
 Hailstorm                Conj/Ice       0%         3d3       100%        3
 Mephitic Cloud           Conj/Pois/Air  0%         N/A       100%        3


Dungeon Overview and Level Annotations

Branches:
Dungeon (4/15)
 Temple: D:4-7

Altars:

Shops:
D:1 *   D:2 =((


Innate Abilities, Weirdness & Mutations

You have a pair of small antennae on your head.
You are partially covered in sharp spines.


Message History

Key pressed, stopping explore.
No target in view!
i - 5 green potions (gained 1) Done exploring.
No target in view!
Done exploring.
No target in view!
Done exploring.
Done exploring.
No target in view!
Done exploring.
No target in view!
(D) Dungeon
Where to? (Enter - D:3, ? - help)
There is a stone staircase leading down here.
You climb downwards.
You hear the hiss of flowing sand.
There is an entrance to an ossuary on this level.
Hurry and find it before the portal is buried!
The iguana hisses angrily.
Found 7 gold pieces, a smoky white potion and a scroll labelled HOSO DEILEIRR.
There is a stone staircase leading up here.
You barely miss the iguana. The iguana bites you!
You hit the iguana.
The iguana is lightly wounded.
The iguana is struck by your spines. The iguana bites you.
You hit the iguana but do no damage.
The iguana is moderately wounded.
The iguana bites you.
The iguana bites you but does no damage.
You barely miss the iguana.
The iguana is moderately wounded.
The iguana bites you but does no damage.
You slash the iguana!
The iguana is severely wounded.
The iguana bites you! x2
* * * LOW HITPOINT WARNING * * *
You are too injured to fight recklessly!
You are too injured to fight recklessly!
The iguana bites you.
You die...

##....####
#.........
#?........
#.........
##.........
#..........
#.l........
#.@<.......
#.$........
#....!.....
#..........
#.........#
####......#
......#
......#


You could see an iguana.

Vanquished Creatures
  A gnoll (D:1)
  4 adders
  A worm (D:2)
  3 ball pythons
  5 bats
  3 endoplasms (D:2)
  A giant cockroach (D:1)
  A goblin (D:1)
  A hobgoblin (D:1)
  5 jackals
  2 quokkas
  A frilled lizard (D:1)
  5 kobolds
  2 rats
35 creatures vanquished.

Notes
Turn   | Place    | Note
-------+----------+-------------------------------------------
     0 | D:1      | BritishOli the Demonspawn Fighter began the quest for the
                  | Orb.
     0 | D:1      | Reached XP level 1. HP: 18/18 MP: 1/1
   234 | D:1      | Gained mutation: You have a pair of small antennae on your
                  | head. [demonic ancestry]
   234 | D:1      | Reached XP level 2. HP: 23/24 MP: 2/2
   275 | D:1      | Found Fantiso's Assorted Antiques.
   525 | D:2      | Reached XP level 3. HP: 23/29 MP: 3/3
   560 | D:2      | Found Ruanacvew's Jewellery Shop.
   761 | D:2      | Found Ecweick's Antique Weapon Shoppe.
   903 | D:2      | Found Plog's Antique Weapon Shoppe.
  1231 | D:3      | Gained mutation: You are partially covered in sharp spines.
                  | [demonic ancestry]
  1231 | D:3      | Reached XP level 4. HP: 33/36 MP: 4/4
  1885 | D:4      | Slain by an iguana

Illustrated notes

Levels and vault maps discovered:
D:1:      dpeg_arrival_castle, layout_rooms, serial_shops,
          nicolae_shop_window_shopping, minmay_octomino_e4
D:2:      layout_loops_ring, serial_shops, nicolae_shop_hallway_plus,
          nicolae_shop_pleasant_corner_grove, shop
D:3:      layout_basic, serial_forest, infiniplex_forest_clump_curved,
          infiniplex_forest_lined_3_way, infiniplex_forest_zigzag_2,
          infiniplex_forest_lined_2, infiniplex_forest_lined_3,
          infiniplex_forest_clump_medium, infiniplex_forest_lined_1,
          infiniplex_forest_clump_curved
D:4:      layout_basic, nicolae_ossuary_entry_plus, wad_orctagon

Skill      XL: |  1  2 |
---------------+-------+-----
Axes           | 2 |  2.6
Armour         | 3 |  3.3
Shields        | 3 |  3.0
Fighting       | |  3.7

Action                     |  1- 3 |  4- 6 || total
---------------------------+-------+-------++-------
  Melee: War axe           |   102 |    15 ||   117
 Armour: Plate armour      |   102 |     9 ||   111
         Scale mail        |     9 |       ||     9
  Dodge: Dodged            |    34 |     2 ||    36
  Block: Buckler           |    31 |     1 ||    32

Table legend: (Time is in decaauts)
 A = Elapsed time spent in this place.
 B = Non-inter-level travel time spent in this place.
 C = Inter-level travel time spent in this place.
 D = Time resting spent in this place.
 E = Time spent auto-exploring this place.
 F = Levels seen in this place.
 G = Mean time per level.
                   A        B        C        D        E       F      G
               +--------+--------+--------+--------+--------+-----+--------+
         Total |   1936 |   1853 |     83 |      0 |   1499 |   4 |  484.0 |
       Dungeon |   1936 |   1853 |     83 |      0 |   1499 |   4 |  484.0 |
               +--------+--------+--------+--------+--------+-----+--------+

Top non-repeatable levels by time:
     D:3: 714 daAuts
     D:2: 669 daAuts
     D:1: 545 daAuts
     D:4: 7 daAuts
